 Dungeon Crawl Stone Soup version 0.30.1-4-g462c640d31 (webtiles) character file.

Game seed: 152732528169547509

2160 arthad the Trooper (level 9, -7/57 HPs)
             Began as a Gargoyle Fighter on Aug 20, 2023.
             Was a Follower of Okawaru.
             Killed from afar by a steam dragon (18 damage)
             ... with a ball of steam
             ... on level 6 of the Dungeon.
             The game lasted 00:10:21 (5201 turns).

arthad the Trooper (Gargoyle Fighter)               Turns: 5201, Time: 00:10:21

Health: -7/57      AC: 16    Str: 24    XL:     9   Next: 31%
Magic:  9/9        EV:  9    Int:  9    God:    Okawaru [*.....]
Gold:   143        SH:  5    Dex:  9    Spells: 8/8 levels left

rFire   . . .        a - +1 flail
rCold   . . .        c - +0 buckler
rNeg    + . .        b - +0 scale mail
rPois   ∞            (no helmet)
rElec   +            z - +0 cloak
rCorr   .            g - +0 pair of gloves
SInv    .            (no boots)
Will    .....        (no amulet) Stlth
                     (no ring)
HPRegen 0.29/turn    (no ring)
MPRegen 0.11/turn

%: no passive effects
@: no status effects
A: sickness immunity, AC +6, negative energy resistance 1, electricity
resistance, torment resistance 1, petrification resistance
a: Renounce Religion, Heroism


You were on level 6 of the Dungeon.
You worshipped Okawaru.
Okawaru was aware of your devotion.
You visited 2 branches of the dungeon, and saw 7 of its levels.
You also visited: Ossuary.

You collected 243 gold pieces.
You spent 100 gold pieces at shops.

Inventory:

Hand Weapons
 a - a +1 flail (weapon)
 m - a +3 dire flail of venom
Missiles
 v - a boomerang
 x - 4 poisoned darts (quivered)
Armour
 b - a +0 scale mail (worn)
 c - a +0 buckler (worn)
 g - a +0 pair of gloves (worn)
 z - a +0 cloak (worn)
Wands
 p - a wand of roots (8)
 r - a wand of flame (27)
 s - a wand of mindburst (8)
Scrolls
 e - 6 scrolls of teleportation
 f - 3 scrolls of noise
 i - a scroll of silence
 k - 2 scrolls of magic mapping
 l - 2 scrolls of poison {unknown}
 n - 3 scrolls of fear
 o - a scroll of torment
 t - a scroll of enchant armour {unknown}
Potions
 d - 2 potions of might
 h - 2 potions of curing
 j - 3 potions of magic
 q - 2 potions of lignification
 u - 2 potions of mutation
 w - a potion of degeneration


   Skills:
 * Level 7.1 Fighting
 * Level 6.0 Maces & Flails
 + Level 2.1 Throwing
 * Level 7.0 Armour
 * Level 7.0 Shields
 + Level 2.1 Evocations


You had 8 spell levels left.
You didn't know any spells.
Your spell library contained the following spells:

 Spells                   Type           Power      Damage    Failure   Level
 Ignite Poison            Fire/Tmut/Pois 0%         N/A       97%         3
 Freezing Cloud           Conj/Ice/Air   0%         6-21      100%        5
 Cigotuvi's Dreadful Rot  Necr/Pois/Air  Unusable   N/A       N/A         2

Dungeon Overview and Level Annotations

Branches:
Dungeon (6/15)             Temple (1/1) D:5         Ossuary (visited)

Altars:
Ashenzari
Elyvilon
Gozag
Hepliaklqana
Kikubaaqudgha
Makhleb
Nemelex Xobeh
Okawaru
Sif Muna
Vehumet
Wu Jian
Xom
Yredelemnul
Zin
The Shining One

Shops:
D:1 :   D:2 =   D:5 *

Annotations:
D:4 4 runed translucent doors, Crazy Yiuf; spardeous's ghost, amateur DgCj


Innate Abilities, Weirdness & Mutations

You are immune to sickness and miasma.
Your stone body is resilient. (AC +6)
You are immune to poison.
You resist negative energy. (rN+)
You are resistant to electric shocks. (rElec)
You are resistant to unholy torment.
You are immune to petrification.


Message History

Aim: a steam dragon (heavily wounded, chance to affect: 73%)
The scorpion's mind is blasted!
You barely miss the scorpion.
The scorpion is almost dead.
The scorpion stings you but does no damage. x2
You barely miss the scorpion.
The scorpion is almost dead.
The scorpion closely misses you.
You sock the scorpion!
You kill the scorpion!
Okawaru accepts your kill.
Your Maces & Flails skill increases to level 6!
You thump the steam dragon!
The steam dragon is severely wounded.
The steam dragon bites you but does no damage.
The steam dragon claws you but does no damage.
You sock the steam dragon!
The steam dragon is almost dead.
The steam dragon breathes steam at you. The ball of steam hits you!
* * * LOW HITPOINT WARNING * * *
The gnoll hits you but does no damage. The gnoll barely misses you.
The steam dragon bites you!
* * * LOW HITPOINT WARNING * * *
The steam dragon claws you but does no damage.
The gnoll hits you but does no damage.
The steam dragon bites you but does no damage.
The steam dragon closely misses you.
The steam dragon attacks as you move away!
The steam dragon barely misses you.
The steam dragon claws you but does no damage.
You hit the steam dragon.
The steam dragon is almost dead.
You block the steam dragon's attack. x2
You barely miss the steam dragon.
The steam dragon is almost dead.
The gnoll hits you but does no damage. The steam dragon breathes steam at you.
The ball of steam hits you!!
You die...

#. #.##...).$..##
#.
#......†....#####
..................
.#..#...##.#.#####
....#...##.#.#
.#..#...##.# # #
#...##.#
.#..#...##g#
.......@D#§####
##.......g....#
##.####.#.#### #
#.#§# #.#.# #.#.#
....# #.### ##


You could see a steam dragon (catching breath) and a gnoll.

Vanquished Creatures
  Sigmund (D:5)
  Menkaure (D:4)
  Edmund (D:4)
  Duvessa (D:5)
  2 ice beasts (D:5)
  A sky beast (D:5)
  3 phantoms (D:5)
  4 water moccasin zombies (Ossuary)
  2 scorpions
  Dowan (D:5)
  2 jellies
  2 howler monkeys
  A hound (D:4)
  2 orc priests (D:4)
  Ijyb (D:5)
  Terence (D:2)
  A sleepcap (D:5)
  Natasha (thrice) (D:2)
  2 iguanas
  An orc wizard (D:5)
  2 mummies (Ossuary)
  9 gnolls
  5 adders
  A shadow imp (D:5)
  2 ufetubi (D:5)
  8 adder zombies (Ossuary)
  2 worms
  6 dart slugs
  11 orcs
  10 endoplasms
  2 giant cockroaches
  8 goblins
  2 hobgoblins
  3 jackals (D:5)
  9 kobolds
  3 quokkas
  7 ball pythons
  3 bats
  2 frilled lizards
  A gnoll zombie (Ossuary)
  5 hobgoblin zombies (Ossuary)
  2 kobold zombies (Ossuary)
  6 orc zombies (Ossuary)
  4 rats
146 creatures vanquished.

Vanquished Creatures (collateral kills)
  A goblin (D:4)
1 creature vanquished.

Vanquished Creatures (others)
  An orc (D:6)
1 creature vanquished.

Grand Total: 148 creatures vanquished

Notes
Turn   | Place    | Note
-------+----------+-------------------------------------------
     0 | D:1      | arthad the Gargoyle Fighter began the quest for the Orb.
     0 | D:1      | Reached XP level 1. HP: 14/14 MP: 1/1
   145 | D:1      | Reached XP level 2. HP: 19/19 MP: 2/2
   263 | D:1      | Found Duebem's Vocational Training.
   392 | D:1      | Reached XP level 3. HP: 24/24 MP: 3/3
   858 | D:1      | Reached XP level 4. HP: 9/29 MP: 4/4
  1055 | D:2      | Noticed Terence
  1064 | D:2      | Killed Terence
  1121 | D:2      | Found Liasatt's Jewellery Shoppe.
  1204 | D:2      | Noticed Natasha
  1211 | D:2      | Killed Natasha
  1212 | D:2      | Reached XP level 5. HP: 31/33 MP: 5/5
  1243 | D:2      | Noticed Natasha
  1255 | D:2      | Killed Natasha
  1327 | D:2      | Noticed Natasha
  1331 | D:2      | Killed Natasha
  1695 | D:3      | Found a faded altar of an unknown god.
  1723 | D:3      | Reached XP level 6. HP: 39/39 MP: 6/6
  1920 | D:3      | Found a glowing golden altar of the Shining One.
  1922 | D:3      | Found a glowing silver altar of Zin.
  1928 | D:3      | Found a white marble altar of Elyvilon.
  2295 | D:4      | Noticed Menkaure
  2310 | D:4      | Killed Menkaure
  2311 | D:4      | Reached skill level 5 in Fighting
  2311 | D:4      | Reached skill level 5 in Armour
  2401 | D:4      | Found an opulent altar of Gozag.
  2444 | D:4      | Found a sand-covered staircase.
  2452 | Ossuary  | Entered an ossuary
  2468 | Ossuary  | Reached skill level 5 in Shields
  2499 | Ossuary  | Reached XP level 7. HP: 38/44 MP: 7/7
  2929 | D:4      | Found a runed translucent door.
  2930 | D:4      | Noticed Crazy Yiuf
  2995 | D:4      | Found a runed translucent gate.
  2995 | D:4      | Found a runed translucent gate.
  2997 | D:4      | Found a runed translucent gate.
  2998 | D:4      | Noticed spardeous's ghost (amateur DgCj)
  3017 | D:4      | Noticed Edmund
  3043 | D:4      | Killed Edmund
  3044 | D:4      | Reached XP level 8. HP: 25/51 MP: 8/8
  3838 | D:5      | Entered Level 5 of the Dungeon
  3880 | D:5      | Noticed Dowan
  3882 | D:5      | Noticed Duvessa
  3885 | D:5      | Reached skill level 1 in Throwing
  3885 | D:5      | Reached skill level 1 in Evocations
  3893 | D:5      | Reached skill level 5 in Maces & Flails
  4019 | D:5      | Found Loogiwku's Assorted Antiques.
  4026 | D:5      | Bought a scroll labelled TIQERI VUN for 20 gold pieces
  4026 | D:5      | Bought an ivory wand for 80 gold pieces
  4055 | D:5      | Found a staircase to the Ecumenical Temple.
  4149 | Temple   | Entered the Ecumenical Temple
  4273 | Temple   | Became a worshipper of Warmaster Okawaru
  4856 | D:5      | Killed Dowan
  4857 | D:5      | Reached XP level 9. HP: 56/56 MP: 9/9
  4879 | D:5      | Killed Duvessa
  4978 | D:5      | Noticed Sigmund
  4987 | D:5      | Killed Sigmund
  5013 | D:5      | Noticed Ijyb
  5019 | D:5      | Killed Ijyb
  5166 | D:6      | Reached * piety under Okawaru
  5201 | D:6      | Killed from afar by a steam dragon

Illustrated notes

Levels and vault maps discovered:
D:1:      sevenhm_arrival_forest_fort_large_2, layout_basic, serial_rivers,
          chequers_serial_rivers_small_3, chequers_serial_rivers_large_a,
          chequers_serial_rivers_micro_d, chequers_serial_rivers_micro_b,
          chequers_serial_rivers_marsh, chequers_serial_rivers_marsh,
          nicolae_shop_vocational
D:2:      layout_rooms, serial_shops, nicolae_shop_stone, uniq_natasha,
          uniq_terence
D:3:      layout_rooms, dreamdust_divine_triumvirate,
          hellmonk_ecumenical_altar_run_dry
D:4:      layout_loops_corners, mainiacjoe_overflow_brackets,
          gammafunk_ghost_nasty_kobolds, nicolae_ossuary_entry_monument,
          glass_columns_a, uniq_menkaure, uniq_edmund, uniq_crazy_yiuf_cottage
D:5:      layout_basic, temple_statues, serial_shops, shop, feat_on_display,
          uniq_duvessa, uniq_ijyb, uniq_sigmund
D:6:      layout_basic, serial_park_tiny_pond
Temple:   jpeg_temple_clearing

Skill      XL: |  1  2  3  4  5  6  7  8  9 |
---------------+----------------------------+-----
Fighting       | 4 5 6 7 |  7.1
Armour         | 4 5 6 7 |  7.0
Shields        | 4 5 6 7 |  7.0
Maces & Flails | 3 4 5 6 |  6.0
Throwing       | 1 2 |  2.1
Evocations     | 1 2 |  2.1

Action                     |  1- 3 |  4- 6 |  7- 9 || total
---------------------------+-------+-------+-------++-------
  Melee: Flail             |   113 |   211 |   377 ||   701
  Throw: Dart              |       |       |    18 ||    18
         Boomerang         |       |       |     1 ||     1
  Evoke: Wand              |       |       |     3 ||     3
    Use: Scroll            |       |    10 |     4 ||    14
         Potion            |       |     7 |     6 ||    13
   Stab: Invisible         |       |     1 |       ||     1
 Armour: Scale mail        |    67 |   125 |   243 ||   435
         Skin              |       |    11 |     8 ||    19
  Dodge: Dodged            |    63 |    92 |   175 ||   330
  Block: Buckler           |    31 |    49 |   105 ||   185
